 Dungeon Sprint DCSS version 0.28.0-53-g5a82cb258f (webtiles) character file.

Game seed: 11113337875632398642

252 Zeld the Thaumaturge (level 5, -5/28 HPs)
             Began as a Deep Elf Conjurer on May 30, 2022.
             Was a Follower of Sif Muna.
             Slain by a killer bee (6 damage)
             ... in the Dungeon (Sprint IV: "Fedhas' Mad Dash").
             The game lasted 00:01:27 (1746 turns).

Zeld the Thaumaturge (Deep Elf Conjurer)            Turns: 1746, Time: 00:01:27

Health: -5/28      AC:  2    Str:  4    XL:     5   Next: 89%
Magic:  2/20       EV: 12    Int: 25    God:    Sif Muna [*.....]
Gold:   63         SH:  0    Dex: 13    Spells: 12/26 levels left

rFire   . . .      SeeInvis .   (no weapon)
rCold   . . .      Faith    .   (no shield)
rNeg    . . .      Spirit   .   a - +0 robe
rPois   .          Reflect  .   (no helmet)
rElec   .          Harm     .   (no cloak)
rCorr   .          Rampage  .   (no gloves)
Will    .....      NoTele   +   (no boots)
Stlth   ++........              h - amulet of invisibility {+Inv}
HPRegen 0.09/turn               (no ring)
MPRegen 0.17/turn               (no ring)

@: lethally poisoned (-5 -> -18)
A: no striking features
a: Renounce Religion, Evoke Invisibility, Channel Magic


You were in the Dungeon.
You worshipped Sif Muna.
Sif Muna was aware of your devotion.
You visited 1 branch You collected 63 gold pieces.

Inventory:

Armour
 a - a +0 robe (worn)
Jewellery
 h - the amulet of invisibility (around neck) {+Inv}
   (You found it in the Dungeon)

   [amulet of nothing]

   +Inv:      It lets you turn invisible.
Scrolls
 g - a scroll of blinking
Potions
 b - a potion of curing
 c - a potion of heal wounds
 d - a potion of haste
 e - 2 potions of magic
 f - a potion of berserk rage


   Skills:
 - Level 2.4 Dodging
 - Level 2.4 Stealth
 * Level 11.4 Spellcasting
 * Level 10.2 Conjurations
 - Level 2.0 Hexes
 - Level 2.0 Translocations


You had 12 spell levels left.
You knew the following spells:

 Your Spells              Type           Power      Damage    Failure   Level
a - Magic Dart            Conj           100%       1d8       1%          1
b - Searing Ray           Conj           100%       2d8       1%          2
c - Fulminant Prism       Conj/Hex       22%        3d13      3%          4
d - Iskenderun's Mystic   Conj/Tloc      44%        2d10      3%          4
z - Dazzling Flash        Conj/Hex       88%        N/A       1%          3

Your spell library contained the following spells:

 Spells                   Type           Power      Damage    Failure   Level


Dungeon Overview and Level Annotations

Branches:
Dungeon (1/1)

Altars:
Cheibriados
Dithmenos
Elyvilon
Gozag
Hepliaklqana
Kikubaaqudgha
Makhleb
Nemelex Xobeh
Okawaru
Qazlal
Ru
Sif Muna
Trog
Uskayaw
Vehumet
Wu Jian
Xom
Yredelemnul
Zin
The Shining One
Beogh
Jiyva
Lugonu

Annotations:
D exclusion: oklob sapling


Message History

The spell is quite dangerous to miscast (3% risk of failure)!
Continue anyway?
You erupt in a blast of force!
The mystic blast hits the queen bee.
The queen bee is severely wounded.
The queen bee is knocked back by the mystic blast.
The queen bee slams into the tree!
The queen bee is severely wounded.
Unknown command.
Unknown command.
Casting: Iskenderun's Mystic Blast (quite dangerous; 3% risk of failure)
Confirm with . or Enter, or press ? or * to list all spells.
The spell is quite dangerous to miscast (3% risk of failure)!
Continue anyway?
You erupt in a blast of force!
The mystic blast hits the queen bee.
The queen bee is severely wounded.
The queen bee is knocked back by the mystic blast.
The queen bee slams into the tree!
The queen bee is almost dead.
The killer bee buzzes angrily.
Unknown command.
Unknown command.
Casting: Iskenderun's Mystic Blast (quite dangerous; 3% risk of failure)
Confirm with . or Enter, or press ? or * to list all spells.
The spell is quite dangerous to miscast (3% risk of failure)!
Continue anyway?
You erupt in a blast of force!
The mystic blast hits the queen bee.
The queen bee is almost dead.
The queen bee is knocked back by the mystic blast.
The queen bee slams into the tree!
The queen bee is almost dead.
Unknown command.
Unknown command.
The killer bee barely misses you. The killer bee stings you!
The killer bee closely misses you. The killer bee stings you!
You are poisoned.
The killer bee poisons you!
The queen bee calls on the killer bee to defend it!
The killer bee goes berserk!
You feel sick. The killer bee stings you!
* * * LOW HITPOINT WARNING * * *
You are more poisoned.
The killer bee poisons you! The killer bee stings you.
You die...

###########################
#<..P#.....#.....#.⌠._._._.
#P...'.)...'.#)[.'.._._._._
#P.PP#.....#.#...#..._._P_.
###############'##.._._._._
♣........'...#._._._._.
#......♣.y@..#...##########
#.....♣y.♣..######
##+####+#####


You could see a queen bee and a killer bee (berserk).

Vanquished Creatures
  A scorpion (D)
  3 killer bees (D)
  2 oklob saplings (D)
  A river rat (D)
  A rat (D)
8 creatures vanquished.

Vanquished Creatures (others)
  2 fungi (D)
2 creatures vanquished.

Grand Total: 10 creatures vanquished

Notes
Turn   | Place    | Note
-------+----------+-------------------------------------------
     0 | D        | Zeld the Deep Elf Conjurer began the quest for the Orb.
     0 | D        | Reached XP level 1. HP: 10/10 MP: 6/6
    13 | D        | Reached skill level 4 in Spellcasting
    13 | D        | Reached skill level 5 in Conjurations
    13 | D        | Reached skill level 1 in Hexes
    13 | D        | Reached skill level 1 in Translocations
    13 | D        | Reached XP level 2. HP: 15/15 MP: 1/9
    20 | D        | Learned a level 2 spell: Searing Ray
   104 | D        | Noticed a scorpion
   113 | D        | Killed a scorpion
   114 | D        | Reached skill level 7 in Spellcasting
   114 | D        | Reached XP level 3. HP: 15/19 MP: 1/13
   114 | D        | Reached XP level 4. HP: 20/24 MP: 1/15
   118 | D        | Learned a level 3 spell: Dazzling Flash
   123 | D        | Learned a level 4 spell: Fulminant Prism
   128 | D        | Learned a level 4 spell: Iskenderun's Mystic Blast
   639 | D        | Reached skill level 8 in Spellcasting
   714 | D        | Found the amulet of invisibility {+Inv}
  1166 | D        | Found an opulent altar of Gozag.
  1166 | D        | Found a hazy altar of Hepliaklqana.
  1166 | D        | Found a burning altar of Makhleb.
  1166 | D        | Found a sparkling altar of Nemelex Xobeh.
  1166 | D        | Found a snail-covered altar of Cheibriados.
  1166 | D        | Found a sacrificial altar of Ru.
  1166 | D        | Found a shimmering blue altar of Sif Muna.
  1166 | D        | Found a shimmering altar of Xom.
  1166 | D        | Found a basalt altar of Yredelemnul.
  1168 | D        | Found a viscous altar of Jiyva.
  1168 | D        | Found a bloodstained altar of Trog.
  1168 | D        | Found an ornate altar of the Wu Jian Council.
  1169 | D        | Found an iron altar of Okawaru.
  1169 | D        | Found a shadowy altar of Dithmenos.
  1169 | D        | Found a glowing silver altar of Zin.
  1170 | D        | Found an ancient bone altar of Kikubaaqudgha.
  1170 | D        | Found a hide-covered altar of Uskayaw.
  1171 | D        | Found a stormy altar of Qazlal.
  1171 | D        | Found a glowing golden altar of the Shining One.
  1171 | D        | Found a white marble altar of Elyvilon.
  1172 | D        | Found a radiant altar of Vehumet.
  1172 | D        | Found a corrupted altar of Lugonu.
  1174 | D        | Became a worshipper of Sif Muna the Loreminder
  1455 | D        | Noticed a queen bee
  1461 | D        | Reached * piety under Sif Muna
  1462 | D        | Reached skill level 11 in Spellcasting
  1462 | D        | Reached skill level 10 in Conjurations
  1462 | D        | Reached XP level 5. HP: 15/28 MP: 6/20
  1746 | D        | HP: 1/28 [killer bee (8)]
  1746 | D        | Slain by a killer bee

Illustrated notes

Levels and vault maps discovered:
D:        dungeon_sprint_fedhas [sprint_temple]

Skill      XL: |  1  2  3  4 |
---------------+-------------+-----
Spellcasting   | 4 7 11 | 11.4
Conjurations   | 5 7 10 | 10.2
Hexes          | 1 2 |  2.0
Translocations | 1 2 |  2.0
Dodging        | |  2.4
Stealth        | |  2.4

Action                   |  1- 3 |  4- 6 || total
-------------------------+-------+-------++-------
Melee: Unarmed           |     3 |       ||     3
 Cast: Magic Dart        |     6 |       ||     6
       Searing Ray       |     2 |     3 ||     5
       Iskenderun's Myst |       |    10 ||    10
 Abil: Evoke Invisibilit |       |     3 ||     3
Armor: Robe              |       |     1 ||     1
Dodge: Dodged            |     4 |    11 ||    15
